 Dungeon Crawl Stone Soup version 0.31-a0-1139-gec03705108 (webtiles) character file.

Game seed: 1339546408860664448

193 James the Ruffian (level 5, -5/38 HPs)
             Began as a Merfolk Shapeshifter on Dec 6, 2023.
             Splashed by a jelly's acid (8 damage)
             ... on level 5 of the Dungeon.
             The game lasted 00:08:28 (2555 turns).

James the Ruffian (Merfolk Shapeshifter)            Turns: 2555, Time: 00:08:28

Health: -5/38      AC: -2    Str: 17    XL:     5   Next: 72%
Magic:  5/5        EV:  8    Int:  9    God:
Gold:   125        SH:  0    Dex: 13    Spells: 4/4 levels left

rFire   + .          .
                       - Unarmed
rCold   + . .        (no shield)
rNeg    . . .        p - +2 chain mail {rC+}
rPois   .            (helmet currently unavailable)
rElec   .            (cloak currently unavailable)
rCorr   .            (gloves currently unavailable)
SInv    .            (boots currently unavailable)
Will    +....        (no amulet) Stlth
                     g - ring of willpower
HPRegen 0.26/turn    i - ring of protection from fire
MPRegen 0.09/turn

%: no passive effects
@: beast-form, corroded
A: beast (slay +2), (nimble swimmer 2), mertail
a: Begin Untransformation


You were on level 5 of the Dungeon.
You were a hulking beast.
You visited 1 branch of the dungeon, and saw 4 of its levels.

You collected 125 gold pieces.

Inventory:

Hand Weapons
 n - a +0 sling
   (You found it on level 1 of the Dungeon)
 q - a +0 club
   (You took it off a goblin on level 2 of the Dungeon)
 E - a +2 short sword of venom
   (You took it off a kobold on level 3 of the Dungeon)
Missiles
 m - 18 stones
Armour
 a - a +0 animal skin
 j - a +0 chain mail
   (You found it on level 1 of the Dungeon)
 p - a +2 chain mail of cold resistance (worn)
   (You found it on level 2 of the Dungeon)
 s - a +0 leather armour
   (You found it on level 2 of the Dungeon)
 t - a scarf of invisibility
   (You found it on level 2 of the Dungeon)
 w - a +0 pair of boots
   (You found it on level 2 of the Dungeon)
Jewellery
 g - a ring of willpower (left hand)
   (You found it on level 1 of the Dungeon)
 i - a ring of protection from fire (right hand)
   (You found it on level 1 of the Dungeon)
Talismans
 c - a beast talisman
 d - a flux talisman
 y - a blade talisman
   (You found it on level 3 of the Dungeon)
 z - a serpent talisman
   (You found it on level 3 of the Dungeon)
Scrolls
 f - a scroll of revelation {unknown}
 h - 4 scrolls of identify {unknown}
 o - 2 scrolls of enchant armour {unknown}
 x - 2 scrolls of blinking {unknown}
 A - a scroll of fear {unknown}
 B - a scroll of poison {unknown}
Potions
 e - a potion of enlightenment {unknown}
 k - a potion of cancellation {unknown}
 l - 2 potions of haste {unknown}
 r - a potion of curing {unknown}
 u - 2 potions of brilliance {unknown}
 v - a potion of mutation {unknown}
 C - a potion of resistance {unknown}


   Skills:
 - Level 2.0 Fighting
 - Level 3.0 Dodging
 * Level 6.5 Unarmed Combat
 - Level 4.0 Shapeshifting


You had 4 spell levels left.
You didn't know any spells.
Your spell library contained the following spells:

 Spells                   Type           Power      Damage    Failure   Level
 Magic Dart               Conj           0%         1d3       99%         1
 Summon Small Mammal      Summ           0%         N/A       99%         1
 Blink                    Tloc           0%         N/A       100%        2
 Call Imp                 Summ           0%         N/A       100%        2
 Static Discharge         Conj/Air       0%         3-3/arc   100%        2
 Call Canine Familiar     Summ           0%         N/A       100%        3
 Mephitic Cloud           Conj/Pois/Air  0%         N/A       100%        3
 Summon Guardian Golem    Hex/Summ       0%         N/A       100%        3
 Airstrike                Air            0%         2d(0-16)  100%        4
 Manifold Assault         Tloc           0%         N/A       100%        4
 Summon Lightning Spire   Summ/Air       0%         N/A       100%        4


Dungeon Overview and Level Annotations

Branches:
Dungeon (3/15)

Altars:
Gozag


Innate Abilities, Weirdness & Mutations

You are a hulking beast.
Your limbs bulge with bestial killing power. (Slay +2)
((You are very nimble when in or above water. (Stealth+, EV+, Speed+++)))
Your lower body shifts to a powerful aquatic tail in water.


Message History

You hear the slow rusting of a drain nearby.
You start resting.
A jelly comes into view.
The jelly quivers.
Okay, then.
Unknown command.
Throw: 5 darts (poison)
Press: ? - help, Q - select action, (/) - cycle Shift-Dir - straight line, f - jelly
Aim: a jelly (89% to hit)
You throw a poisoned dart.
The poisoned dart barely misses the jelly.
Throw: 4 darts (poison)
Press: ? - help, Q - select action, (/) - cycle Shift-Dir - straight line, f/p - jelly
Aim: a jelly (89% to hit)
You throw a poisoned dart. The poisoned dart hits the jelly.
Throw: 3 darts (poison)
Press: ? - help, Q - select action, (/) - cycle Shift-Dir - straight line, f/p - jelly
Aim: a jelly (89% to hit)
You throw a poisoned dart. The poisoned dart hits the jelly.
The jelly is poisoned.
Throw: 2 darts (poison)
Press: ? - help, Q - select action, (/) - cycle Shift-Dir - straight line, f/p - jelly
Aim: a jelly (poisoned, 89% to hit)
You throw a poisoned dart. The poisoned dart hits the jelly.
Throw: dart (poison)
Press: ? - help, Q - select action, (/) - cycle Shift-Dir - straight line, f/p - jelly
Aim: a jelly (lightly wounded, poisoned, 89% to hit)
You throw a poisoned dart. The poisoned dart hits the jelly.
You hit the jelly.
Your hands burn!
The jelly hits you.
You are splashed with acid!
You barely miss the jelly. The jelly hits you but does no damage.
You hit the jelly.
Your hands burn!
The jelly hits you. The acid corrodes you!
You are splashed with acid!
* * * LOW HITPOINT WARNING * * *
You hit the jelly but do no damage. The acid corrodes you!
Your hands burn!
* * * LOW HITPOINT WARNING * * *
The jelly barely misses you.
You hit the jelly.
Your hands burn!
* * * LOW HITPOINT WARNING * * *
The jelly closely misses you.
You hit the jelly but do no damage.
Your hands burn!
* * * LOW HITPOINT WARNING * * *
You punch the jelly, but do no damage.
The jelly looks more healthy.
The jelly hits you but does no damage.
You hit the jelly but do no damage.
Your hands burn!
* * * LOW HITPOINT WARNING * * *
The jelly hits you.
* * * LOW HITPOINT WARNING * * *
The acid corrodes you!
You are splashed with acid!
You die...

###....##
#.......###
###.#...#.##
##..##.....#
##..##......#
#....#..#...#
....##....##.##
...... #....####
..... ##..h###
.....##....J.###
.... #......(..#
..........#....#
..##...#####....#
. ##.# .(.## ..#
.... ... .#... ..
#...


You could see a jelly.

Vanquished Creatures
  An ogre (D:5)
  An iguana (D:5)
  An adder (D:3)
  2 worms
  3 dart slugs
  6 bats
  3 endoplasms
  3 giant cockroaches
  14 goblins
  4 hobgoblins
  3 jackals (D:2)
  2 kobolds
  A quokka (D:2)
  7 ball pythons
  2 frilled lizards
  6 rats
59 creatures vanquished.

Notes
Turn   | Place    | Note
-------+----------+-------------------------------------------
     0 | D:1      | James the Merfolk Shapeshifter began the quest for the Orb.
     0 | D:1      | Reached XP level 1. HP: 15/15 MP: 1/1
   202 | D:1      | Reached XP level 2. HP: 21/21 MP: 2/2
  1363 | D:1      | Reached skill level 4 in Unarmed Combat
  1507 | D:2      | Reached XP level 3. HP: 19/27 MP: 3/3
  1973 | D:3      | Found an opulent altar of Gozag.
  2222 | D:3      | Reached XP level 4. HP: 33/33 MP: 4/4
  2254 | D:3      | Reached skill level 5 in Unarmed Combat
  2407 | D:3      | You fall into a shaft and drop 2 floors!
  2407 | D:5      | Entered Level 5 of the Dungeon
  2419 | D:5      | Noticed an ogre
  2438 | D:5      | Killed an ogre
  2439 | D:5      | Reached skill level 6 in Unarmed Combat
  2439 | D:5      | Reached XP level 5. HP: 38/38 MP: 5/5
  2555 | D:5      | Splashed by a jelly's acid

Illustrated notes

Levels and vault maps discovered:
D:1:      wheals_arrival_shading, layout_basic, serial_co_window_serial,
          co_window_paths_a, co_window_paths_b, co_window_corner_a,
          co_window_paths_b, co_window_paths_b, co_window_of_opportunity_a,
          co_window_of_opportunity_a, co_window_paths_a, co_window_corner_a,
          co_window_of_opportunity_c, co_window_broadway_a, co_window_cross_2,
          co_window_unsneaky_path_d, co_window_corner_b, co_window_2corner,
          co_window_corner_ca, co_window_paths_e, glass_columns_b,
          glass_columns_a
D:2:      layout_rooms
D:3:      layout_rooms, nicolae_overflow_ecumenical_swirl,
          nicolae_gozag_seed_capital, hangedman_glass_teeth
D:5:      layout_cave_pools, nicolae_ru_awakened_eye, tgw_kikubaaqudgha,
          gup_sewer_entry_bubbles, solitary_fountain, minmay_ogre_servants,
          uniq_menkaure

Skill      XL: |  1  2  3  4 |
---------------+-------------+-----
Dodging        | 3 |  3.0
Unarmed Combat | 4 6 |  6.5
Fighting       | 2 |  2.0
Shapeshifting  | |  4.0

Action                     |  1- 3 |  4- 6 || total
---------------------------+-------+-------++-------
  Melee: Unarmed           |   105 |    50 ||   155
         Punch             |     4 |     1 ||     5
  Throw: Dart              |       |     5 ||     5
    Use: Potion            |       |     1 ||     1
   Stab: Sleeping          |     4 |       ||     4
 Armour: Animal skin       |    21 |       ||    21
         Chain mail        |    29 |    25 ||    54
         Skin              |       |     2 ||     2
  Dodge: Dodged            |    56 |    14 ||    70

Table legend: (Time is in decaauts)
 A = Elapsed time spent in this place.
 B = Non-inter-level travel time spent in this place.
 C = Inter-level travel time spent in this place.
 D = Time resting spent in this place.
 E = Time spent auto-exploring this place.
 F = Levels seen in this place.
 G = Mean time per level.
                   A        B        C        D        E       F      G
               +--------+--------+--------+--------+--------+-----+--------+
         Total |   2542 |   2340 |    202 |     62 |   1728 |   4 |  635.5 |
       Dungeon |   2542 |   2340 |    202 |     62 |   1728 |   4 |  635.5 |
               +--------+--------+--------+--------+--------+-----+--------+

Top non-repeatable levels by time:
     D:1: 1470 daAuts
     D:2: 490 daAuts
     D:3: 436 daAuts
     D:5: 144 daAuts
